 Dungeon Crawl Stone Soup version 0.31-a0-765-g67fe2935dc (webtiles) character file.

Game seed: 7357001100698765607

40 cforsyth the Sneak (level 3, -4/31 HPs)
             Began as a Djinni Delver on Sept 15, 2023.
             Slain by an iron imp (6 damage)
             ... summoned by Eustachio
             ... on level 5 of the Dungeon.
             The game lasted 00:00:39 (247 turns).

cforsyth the Sneak (Djinni Delver)                   Turns: 247, Time: 00:00:40

Health: -4/31      AC:  3    Str: 11    XL:     3   Next: 72%
Gold:   0          EV: 12    Int: 13    God:
                   SH:  0    Dex: 14

rFire   + + .        a - +0 falchion
rCold   x . .        (no shield)
rNeg    . . .        b - +0 leather armour
rPois   ∞            (no helmet)
rElec   .            (no cloak)
rCorr   .            (no gloves)
SInv    .            (boots unavailable)
Will    .....        (no amulet)
Stlth   ++           (no ring)
HPRegen 0.25/turn    (no ring)
MPRegen 0.00/turn

%: infuse magic (-5 HP)
@: flying, hasted, very quick
A: sickness immunity, fire resistance 2, cold vulnerability 1, float, innate
caster, HP casting, extra vitality 1
a: no special abilities


You were on level 5 of the Dungeon.
You visited 1 branch of the dungeon, and saw 1 of its levels.

Inventory:

Hand Weapons
 a - a +0 falchion (weapon)
Armour
 b - a +0 leather armour (worn)
Wands
 g - a wand of digging (3)
Scrolls
 c - a scroll of fog
 d - a scroll of revelation
 e - a scroll of fear


   Skills:
 + Level 3.7 Fighting
 - Level 1.7 Long Blades
 - Level 2.1 Dodging
 - Level 4.1 Stealth
 + Level 1.4 Spellcasting
 + Level 1.4 Conjurations
 + Level 1.4 Hexes
   Level 0.0 Charms
 + Level 1.4 Summonings
 + Level 1.4 Necromancy
 + Level 1.4 Translocations
 + Level 1.4 Transmutations
 + Level 1.4 Fire Magic
 + Level 1.4 Ice Magic
 + Level 1.4 Air Magic
 + Level 1.4 Earth Magic
 + Level 1.4 Poison Magic


You knew the following spells:

 Your Spells              Type           Power      Damage    Failure   Level
a - Kiss of Death         Conj/Necr      16%        2d6       21%         1
Your spell library was empty.

Dungeon Overview and Level Annotations

Branches:
Dungeon (5/15)
 Temple: D:4-7

Altars:
Uskayaw

Annotations:
D:5 Eustachio


Innate Abilities, Weirdness & Mutations

You are immune to sickness and miasma.
You are immune to poison.
Your flesh is very heat resistant. (rF++)
You are vulnerable to cold. (rC-)
You float through the air rather than walking.
You learn spells naturally, not from books.
Your magical power is your life essence.
You have superior vitality. (+4 MHP)


Message History

You hit Eustachio.
Eustachio is lightly wounded.
Eustachio gestures wildly while chanting.
Eustachio blinks!
Eustachio mumbles some strange words.
You feel yourself speed up. Eustachio closely misses you.
The white imp gestures at you. The puff of frost misses you.
You closely miss Eustachio.
Eustachio is lightly wounded.
The iron imp shouts, "Fly, thou villainous boil-brained wagtail!"
The iron imp barely misses you.
Eustachio twirls his moustache.
Eustachio mumbles some strange words.
Eustachio blinks!
The white imp gestures at you. The puff of frost hits you!
You feel a terrible chill! The iron imp attacks as it pursues you!
The iron imp hits you but does no damage.
The white imp attacks as it pursues you!
The white imp hits you but does no damage.
You closely miss Eustachio.
Eustachio is lightly wounded.
Eustachio hits you with a +0 rapier. The iron imp hits you!
The white imp barely misses you.
You miss Eustachio.
Eustachio is lightly wounded.
Eustachio hits you but does no damage.
You closely miss Eustachio.
Eustachio is lightly wounded.
The white imp hits you. The white imp freezes you.
You feel a terrible chill!
* * * LOW HITPOINT WARNING * * *
The iron imp closely misses you. Eustachio hits you with a +0 rapier.
* * * LOW HITPOINT WARNING * * *
You closely miss Eustachio.
Eustachio is lightly wounded.
The white imp barely misses you.
The iron imp shouts, "Repent, thou currish elf-skinned foot-licker!"
The iron imp hits you.
You die...

...## #...## .....
###....+
....#####....###
#..........##
#.........# ###+##
##.≈.8.≈..# #......
#.≈...≈.#####.......
#.≈≈.≈≈.###.@.......
#.≈≈.≈≈....5@...#...
#.≈≈.≈≈....5...##
#.≈≈_≈≈.#......#
##.≈≈≈≈≈.###....#
###...≈≈≈..# ##...#
##..........# ##..#
....>....#### #.#
...........# ..#
##.......### ..#


You could see Eustachio, an iron imp (summoned) and a white imp (summoned).

Vanquished Creatures
  A jelly (D:5)
  An adder (D:5)
2 creatures vanquished.

Notes
Turn   | Place    | Note
-------+----------+-------------------------------------------
     0 | D:5      | cforsyth the Djinni Delver began the quest for the Orb.
     0 | D:5      | Reached XP level 1. HP: 20/20 MP: 0/0
    19 | D:5      | Reached XP level 2. HP: 21/25 MP: 0/0
    45 | D:5      | Noticed Eustachio
    45 | D:5      | Noticed an ice beast
    46 | D:5      | Noticed a quasit
    85 | D:5      | Reached skill level 1 in Spellcasting
    85 | D:5      | Reached skill level 1 in Conjurations
    85 | D:5      | Reached skill level 1 in Hexes
    85 | D:5      | Reached skill level 1 in Summonings
    85 | D:5      | Reached skill level 1 in Necromancy
    85 | D:5      | Reached skill level 1 in Translocations
    85 | D:5      | Reached skill level 1 in Transmutations
    85 | D:5      | Reached skill level 1 in Fire Magic
    85 | D:5      | Reached skill level 1 in Ice Magic
    85 | D:5      | Reached skill level 1 in Air Magic
    85 | D:5      | Reached skill level 1 in Earth Magic
    85 | D:5      | Reached skill level 1 in Poison Magic
    85 | D:5      | Reached XP level 3. HP: 8/31 MP: 0/0
    85 | D:5      | Learned a level 1 spell: Kiss of Death
   247 | D:5      | Slain by an iron imp

Illustrated notes

Levels and vault maps discovered:
D:5:      nicolae_cairo_tiling_very_big, layout_layer_cave,
          mainiacjoe_overflow_catwalk, uniq_eustachio, uniq_pikel,
          uniq_prince_ribbit1

Skill      XL: |  1  2 |
---------------+-------+-----
Spellcasting   | 1 |  1.4
Conjurations   | 1 |  1.4
Hexes          | 1 |  1.4
Summonings     | 1 |  1.4
Necromancy     | 1 |  1.4
Translocations | 1 |  1.4
Transmutations | 1 |  1.4
Fire Magic     | 1 |  1.4
Ice Magic      | 1 |  1.4
Air Magic      | 1 |  1.4
Earth Magic    | 1 |  1.4
Poison Magic   | 1 |  1.4
Fighting       | |  3.7
Long Blades    | |  1.7
Dodging        | |  2.1
Stealth        | |  4.1

Action                     || total
---------------------------++-------
  Melee: Falchion          ||    20
    Use: Potion            ||     1
   Stab: Sleeping          ||     1
 Armour: Leather armour    ||    15
  Dodge: Dodged            ||    20

Table legend: (Time is in decaauts)
 A = Elapsed time spent in this place.
 B = Non-inter-level travel time spent in this place.
 C = Inter-level travel time spent in this place.
 D = Time resting spent in this place.
 E = Time spent auto-exploring this place.
 F = Levels seen in this place.
 G = Mean time per level.
                   A        B        C        D        E       F      G
               +--------+--------+--------+--------+--------+-----+--------+
         Total |    248 |    248 |      0 |     80 |     88 |   1 |  248.0 |
       Dungeon |    248 |    248 |      0 |     80 |     88 |   1 |  248.0 |
               +--------+--------+--------+--------+--------+-----+--------+

Top non-repeatable levels by time:
     D:5: 248 daAuts
